 Dungeon Crawl Stone Soup version 0.21-a0-150-gc243083 (webtiles) character file.

473 Duffy the Cudgeler (level 7, -3/50 HPs)
             Began as a Human Gladiator on July 29, 2017.
             Killed from afar by an orc wizard (5 damage)
             ... with a magic dart
             ... on level 6 of the Dungeon.
             The game lasted 00:03:57 (3592 turns).

Duffy the Cudgeler (Human Gladiator)                Turns: 3592, Time: 00:03:57

Health: -3/50      AC:  7    Str: 17      XL:     7   Next: 32%
Magic:  7/7        EV: 11    Int:  7 (8)  God:
Gold:   181        SH:  0    Dex: 11 (14) Spells: 6/6 levels left

rFire    . . .     SeeInvis .   g - +0 morningstar
rCold    . . .     Gourm    .   (no shield)
rNeg     . . .     Faith    .   h - +0 ring mail
rPois    .         Spirit   .   c - +0 helmet
rElec    .         Reflect  .   p - +0 cloak
rCorr    .         Harm     .   (no gloves)
MR       .....                  (no boots)
Stlth    ++........             (no amulet)
HPRegen  0.16/turn              s - ring of stealth
MPRegen  0.10/turn              (no ring)

@: no status effects
A: no striking features
a: no special abilities


You were on level 6 of the Dungeon.
You were hungry.

You visited 1 branch of the dungeon, and saw 6 of its levels.

You collected 181 gold pieces.

Inventory:

Hand Weapons
 a - a +0 flail
 g - a +0 morningstar (weapon)
Missiles
 d - 3 throwing nets (quivered)
Armour
 c - a +0 helmet (worn)
 h - a +0 ring mail (worn)
 p - a +0 cloak (worn)
 r - a +0 shield
Jewellery
 s - a ring of stealth (left hand)
Scrolls
 j - a scroll of fog {unknown}
 l - 2 scrolls of enchant weapon {unknown}
 n - a scroll of identify {unknown}
 u - a scroll of remove curse {unknown}
Potions
 b - a potion of berserk rage {unknown}
 e - 4 potions of heal wounds
 i - a potion of curing
 o - 2 potions of cancellation
Comestibles
 f - 4 bread rations
 k - a royal jelly
 m - 2 meat rations
 q - a fruit


   Skills:
 - Level 2.0 Fighting
 + Level 7.8 Maces & Flails
 - Level 2.0 Throwing
 - Level 3.0 Dodging


You had 6 spell levels left.
You didn't know any spells.

Dungeon Overview and Level Annotations

Branches:
Dungeon (6/15)
 Temple: D:4-7

Altars:

Annotations:
D:3 Lunath's ghost, amateur DrCj


Message History

You swing at nothing.
You swing at nothing.
You barely miss something. Something hits you but does no damage.
Your ring mail prevents you from hitting something.
You hear some strange, mumbled words.
A puff of flame appears from out of thin air!
The puff of flame hits you!
You miss something. Something hits you.
You barely miss something.
You hear some strange, mumbled words.
Something tries to affect you, but you resist.
You barely miss something. Something hits you.
You thump something!
You hear some strange, mumbled words.
A magic dart appears from out of thin air!
The magic dart hits you!
You hear some strange, mumbled words.
A magic dart appears from out of thin air!
The magic dart hits you!
You die...

..# ..........# ###
..o.......###### #
o..............# #
.......#.#####. #
.......+...### #
....5..#.....# #
.......###.#.# #
......? #{#.#
################@#.#
............)....#.#
##################.#
.# ##


There were no monsters in sight!

Vanquished Creatures
  Duvessa (D:4)
  Dowan (D:4)
  A scorpion (D:4)
  2 orc priests (D:6)
  An orc wizard (D:6)
  Natasha (D:2)
  2 worker ants
  6 adders (D:2)
  An ooze (D:1)
  A worm (D:2)
  2 dart slugs (D:1)
  3 leopard geckos
  2 orcs (D:6)
  4 goblins
  2 hobgoblins
  9 kobolds
  5 quokkas
  A ball python (D:2)
  6 bats
  6 frilled lizards
  A leopard gecko skeleton (D:5)
  5 rats
63 creatures vanquished.

Notes
Turn   | Place    | Note
-------+----------+-------------------------------------------
     0 | D:1      | Duffy the Human Gladiator began the quest for the Orb.
     0 | D:1      | Reached XP level 1. HP: 16/16 MP: 1/1
   351 | D:1      | Reached XP level 2. HP: 22/22 MP: 2/2
   655 | D:1      | Reached skill level 4 in Maces & Flails
   655 | D:1      | Reached XP level 3. HP: 27/27 MP: 3/3
  1332 | D:2      | Reached XP level 4. HP: 32/33 MP: 4/4
  1515 | D:2      | Reached skill level 5 in Maces & Flails
  2137 | D:2      | You fall through a shaft!
  2137 | D:3      | Noticed Lunath's ghost (amateur DrCj)
  2214 | D:3      | Noticed Natasha
  2219 | D:2      | Reached XP level 5. HP: 31/38 MP: 5/5
  2357 | D:2      | Killed Natasha
  2434 | D:4      | Noticed Dowan
  2435 | D:4      | Noticed Duvessa
  2456 | D:4      | Killed Duvessa
  2456 | D:4      | Reached skill level 6 in Maces & Flails
  2456 | D:4      | Reached XP level 6. HP: 29/44 MP: 6/6
  2463 | D:4      | Killed Dowan
  2652 | D:4      | Reached skill level 7 in Maces & Flails
  2936 | D:5      | Entered Level 5 of the Dungeon
  2995 | D:5      | Reached XP level 7. HP: 14/50 MP: 7/7
  3017 | D:5      | HP: 2/50 [poisoned by a worker ant]
  3025 | D:5      | HP: 1/50 [poisoned by a worker ant]
  3445 | D:6      | HP: 2/50 [orc wizard/magic dart (2)]
  3592 | D:6      | HP: 2/50 [something/magic dart (9)]
  3592 | D:6      | Killed from afar by an orc wizard

Vault maps used:
D:1:      dpeg_arrival_pond
D:2:      first_bread, hangedman_feature_mirror, kennysheep_path_1,
          minmay_pentomino_w2
D:3:      nicolae_overflow_hidden_temple, uniq_natasha, uniq_ijyb, uniq_robin,
          uniq_jessica
D:4:      overflow_temple_1_default, nicolae_ru_the_path_less_chosen,
          serial_shops, shop, uniq_grinder, uniq_duvessa
D:5:      uniq_prince_ribbit1
D:6:      enter_ossuary_1

Skill      XL: |  1  2  3  4  5  6 |
---------------+-------------------+-----
Maces & Flails | 4 5 6 7 |  7.8
Fighting       | |  2.0
Throwing       | |  2.0
Dodging        | |  3.0

Action                   |  1- 3 |  4- 6 |  7- 9 || total
-------------------------+-------+-------+-------++-------
Melee: Flail             |   100 |   113 |    26 ||   239
       Morningstar       |       |       |    20 ||    20
  Use: Potion            |       |     9 |       ||     9
 Stab: Sleeping          |       |     1 |       ||     1
  Eat: Chunk             |     1 |     5 |     2 ||     8
Armor: Ring mail         |    47 |    43 |    18 ||   108
       Leather armour    |     1 |       |       ||     1
Dodge: Dodged            |    71 |    68 |    17 ||   156
